AoeStats
← rosteur

Arabia

510627374Analyzed
1v1 RM · 1d ago on Oct 1, 2026· 62m 55s· 2 players
Game mode
Random Map
Map size
Tiny (2 player)
Population
200
Speed
Normal
Resources
Standard
Victory
Conquest
Starting age
Dark Age
Ending age
Imperial Age
RankedLock teamsTeams togetherTeam positionsShared explorationLock speedFull tech treeHidden civsTurbo modeCheats
Victory
Defeat
🇺🇾 Maya · Uruguay
542
+14
🇫🇷 Franks · France
488
-21
rosteur
4:47 Loom
12:59 Feudal Age
14:45 Wheelbarrow
16:46 Double-Bit Axe
28:24 Castle Age
26:55 Man-at-Arms
27:52 Forging
27:42 Scale Mail Armor
27:48 Scale Barding Armor
27:45 Padded Archer Armor
27:35 Fletching
28:15 Gold Mining
28:15 Stone Mining
30:08 Hand Cart
41:12 Chain Barding Armor
44:05 Husbandry
48:05 Imperial Age
45:56 Squires
45:18 Pikeman
49:33 Bow Saw
52:35 Halberdier
55:13 Cavalier
62:38 Plate Barding Armor
engamo2010
7:03 Loom
11:41 Feudal Age
12:13 Double-Bit Axe
14:13 Fletching
23:26 Castle Age
24:16 Crossbowman
24:53 Bodkin Arrow
25:10 Bow Saw
25:56 Padded Archer Armor
25:48 Town Watch
26:45 Wheelbarrow
30:34 Thumb Ring
29:50 Elite Skirmisher
31:51 Leather Archer Armor
37:09 Imperial Age
39:35 Ballistics
38:38 Arbalester
39:21 Bracer
43:19 Chemistry
42:51 Ring Archer Armor
43:55 Hand Cart
47:19 Two-Man Saw
50:35 Scale Mail Armor
49:58 Pikeman
50:39 Squires
52:50 Town Patrol
56:50 Chain Mail Armor
55:57 Halberdier
59:22 Hoardings
59:28 Plate Mail Armor
Connection lost

Rejoining the realm…

Still unreachable

The connection could not be restored.

Session expired

The server has moved on; the page needs a fresh start.